 Dungeon Crawl Stone Soup version 0.18.1-50-g88ac8fd (webtiles) character file.

71 Peloso the Shield-Bearer (level 4, -8/42 HPs)
             Began as a Deep Dwarf Fighter on Oct 22, 2016.
             Mangled by Sigmund
             ... wielding a +0 scythe
              (10 damage)
             ... on level 3 of the Dungeon.
             The game lasted 00:05:30 (2260 turns).

Peloso the Shield-Bearer (Deep Dwarf Fighter)       Turns: 2260, Time: 00:05:31

Health: -8/42      AC:  9    Str: 21    XL:     4   Next: 5%
Magic:  4/4        EV:  7    Int:  8    God:
Gold:   78         SH:  9    Dex: 12    Spells: 0 memorised, 3 levels left

rFire  . . .     SeeInvis .     a - +0 long sword
rCold  . . .     Gourm    .     b - +0 scale mail
rNeg   . . .     Faith    .     c - +0 shield
rPois  .         Spirit   .     o - +1 hat
rElec  .         Dismiss  .     u - +0 cloak
rCorr  +         Reflect  .     (no gloves)
SustAt .         Harm     .     (no boots)
MR     .....                    k - amulet of regeneration
Stlth  ..........               (no ring)
                                p - ring of resist corrosion

@: non-regenerating, not resistant to hostile enchantments, extremely unstealthy
A: damage resistance, recharge devices, sense surroundings 1, slow regeneration
3
a: Device Recharging


You were on level 3 of the Dungeon.
You were hungry.

You visited 1 branch of the dungeon, and saw 3 of its levels.

You collected 78 gold pieces.

Inventory:

Hand Weapons
 a - a +0 long sword (weapon)
Armour
 b - a +0 scale mail (worn)
 c - a +0 shield (worn)
 o - a +1 hat (worn)
 u - a +0 cloak (worn)
Jewellery
 k - an amulet of regeneration (around neck)
 p - a ring of resist corrosion (left hand)
 v - an uncursed ring of flight {unknown}
Wands
 e - a wand of heal wounds (4/9)
 n - a wand of digging (12/24)
Scrolls
 g - 3 scrolls of remove curse {unknown}
 i - a scroll of teleportation {unknown}
 j - a scroll of magic mapping {unknown}
 q - a scroll of identify {unknown}
 s - a scroll of fear {unknown}
Potions
 d - 3 potions of might
 l - a potion of agility {unknown}
 m - a potion of berserk rage {unknown}
 w - a potion of flight {unknown}
Comestibles
 f - 2 bread rations
 r - 2 beef jerkies
 t - a meat ration


   Skills:
 + Level 3.2 Fighting
 + Level 2.2 Long Blades
 + Level 4.0 Armour
 + Level 0.4 Dodging
 + Level 0.3 Stealth
 + Level 4.1 Shields


You had 3 spell levels left.
You didn't know any spells.

Dungeon Overview and Level Annotations

Branches:
Dungeon (3/15)

Altars:
Cheibriados
Trog

Annotations:
D:3 Sigmund


Innate Abilities, Weirdness & Mutations

You are resistant to damage.
You can recharge devices by infusing magical energy.
You passively map a small area around you.
You do not regenerate naturally.


Message History

You closely miss something. Something hits you but does no damage.
You closely miss something. Something hits you but does no damage.
You hit something.
You hear some strange, mumbled words.
A puff of flame appears from out of thin air!
You block the puff of flame.
You miss something. Something hits you but does no damage.
You hit something but do no damage. Something hits you but does no damage.
You barely miss something. Something hits you but does no damage.
You miss something. You hit something but do no damage.
You hear some strange, mumbled words.
A puff of flame appears from out of thin air!
The puff of flame hits you! Something hits you but does no damage.
You miss something. You hit something but do no damage. Something hits you!
* * * LOW HITPOINT WARNING * * *
You miss something. Something hits you but does no damage.
You slash something! Something hits you!
You die...

*
#..#..................
##..#..................
..................#+
##.* #.#..........$...#
* ....
#....[.........$##, * ,
....####.............#,
....................##
, ,......#............#
,
,.......รท@{.......###
*,,.##.#.#........###,,
, * * ,,
...#........###, , ,*
####......### ##.###,
,#.....#.#...# , ...#.
, +.##.##.#.....#
#...#* ,
#.......#....... #...#
####...#####.......
#...# #.......#
#.......,


There were no monsters in sight!

Vanquished Creatures
  3 oozes
  2 worms (D:2)
  2 dart slugs
  A giant gecko (D:2)
  2 orcs (D:3)
  A ball python (D:2)
  8 bats
  2 giant cockroaches
  3 goblins (D:1)
  6 hobgoblins
  A quokka (D:2)
  6 giant newts
  2 kobolds
  7 rats
46 creatures vanquished.

Notes
Turn   | Place    | Note
--------------------------------------------------------------
     0 | D:1      | Peloso the Deep Dwarf Fighter began the quest for the Orb.
     0 | D:1      | Reached XP level 1. HP: 20/20 MP: 1/1
   112 | D:1      | Reached XP level 2. HP: 24/27 MP: 2/2
  1380 | D:2      | Reached XP level 3. HP: 19/34 MP: 3/3
  1530 | D:2      | Found a snail-covered altar of Cheibriados.
  1918 | D:2      | Found a bloodstained altar of Trog.
  2197 | D:3      | Reached XP level 4. HP: 11/42 MP: 4/4
  2215 | D:3      | Noticed Sigmund
  2258 | D:3      | HP: 2/42 [something (8)]
  2260 | D:3      | Mangled by Sigmund

Skill      XL: |  1  2  3 |
---------------+----------+-----
Fighting       | 3 |  3.2
Shields        | 4 |  4.1
Armour         | 4 |  4.0
Long Blades    | |  2.2
Dodging        | |  0.4
Stealth        | |  0.3

Action                   |  1- 3 |  4- 6 || total
-------------------------+-------+-------++-------
Melee: Long sword        |   173 |    32 ||   205
Evoke: Wand              |       |     1 ||     1
  Use: Potion            |       |     1 ||     1
  Eat: Chunk             |     4 |       ||     4
Armor: Scale mail        |    84 |    11 ||    95
Dodge: Dodged            |    48 |     4 ||    52
Block: Shield            |   117 |     9 ||   126
